 Dungeon Crawl Stone Soup version 0.31-a0-750-gfe7b580527 (webtiles) character file.

Game seed: 4911358619104050820

37 demibob the Poker (level 3, 0/29 HPs)
             Began as a Merfolk Chaos Knight on Sept 14, 2023.
             Was a Plaything of Xom.
             Succumbed to a kobold's poison
             ... on level 1 of the Dungeon.
             The game lasted 00:01:40 (387 turns).

demibob the Poker (Merfolk Chaos Knight)             Turns: 387, Time: 00:01:41

Health: 0/29       AC:  5    Str: 12    XL:     3   Next: 39%
Magic:  3/3        EV: 13    Int: 11    God:    Xom [..*...]
Gold:   64         SH:  0    Dex: 15    Spells: 2/2 levels left

rFire   . . .        a - +0 spear (chaos)
rCold   . . .        (no shield)
rNeg    . . .        b - +2 leather armour
rPois   .            (no helmet)
rElec   .            (no cloak)
rCorr   .            (no gloves)
SInv    .            (no boots)
Will    .....        (no amulet)
Stlth   +            (no ring)
HPRegen 0.24/turn    (no ring)
MPRegen 0.08/turn

%: no passive effects
@: lethally poisoned (0 -> -4)
A: (nimble swimmer 2), mertail
a: Renounce Religion


You were on level 1 of the Dungeon.
You worshipped Xom.
You were a toy of Xom.
You visited 1 branch of the dungeon, and saw 1 of its levels.

You collected 64 gold pieces.


Innate Abilities, Weirdness & Mutations

((You are very nimble when in or above water. (Stealth+, EV+, Speed+++)))
Your lower body shifts to a powerful aquatic tail in water.


   Skills:
 - Level 3.2 Fighting
 + Level 5.0 Polearms
 - Level 0.6 Armour
 + Level 4.0 Dodging


You had 2 spell levels left.
You didn't know any spells.
Your spell library was empty.

Inventory:

Hand Weapons
 a - a +0 spear of chaos (weapon)
Armour
 b - a +2 leather armour (worn)
Scrolls
 d - a scroll of fear {unknown}
 e - a scroll of noise {unknown}
 f - a scroll of identify {unknown}

Dungeon Overview and Level Annotations

Branches:
Dungeon (1/15)

Altars:

#.bJ....:†.....#.
###Sr.J..........
###K#####........
#b.b# #.†.......
#b#b# #..r......
#.bb# #.........
#.#b# #.........
#bb#.# #.........
#.. #@#
##........
#.##..# .........
#.#...# #.....#
#..##.# #.# #.#
#. ### #


You could see a ball python, a kobold (ally target) and a rat.


Message History

The rat is knocked back by the sudden gust.
The kobold is knocked back by the sudden gust.
* * * LOW HITPOINT WARNING * * *
You feel very sick.
The endoplasm completely misses your butterfly.
Something completely misses your butterfly.
* * * LOW HITPOINT WARNING * * *
You feel very sick.
The kobold closely misses your butterfly.
Something barely misses your butterfly. The endoplasm hits your butterfly.
Your butterfly dies!
Your butterfly disappears in a burst of colours!
Something closely misses your butterfly.
* * * LOW HITPOINT WARNING * * *
You feel sick.
The kobold closely misses your butterfly.
Something closely misses your butterfly.
The endoplasm hits your butterfly.
Your butterfly dies!
Your butterfly disappears in a burst of colours!
You aren't carrying any potions.
* * * LOW HITPOINT WARNING * * *
You feel sick. The kobold misses your butterfly.
* * * LOW HITPOINT WARNING * * *
You feel sick.
The kobold hits your butterfly with a +0 dagger of venom.
Your butterfly dies!
Your butterfly disappears in a burst of colours!
You die...
Xom howls with laughter!

Skill      XL: |  1  2  3 |
---------------+----------+-----
Dodging        | 3 4 |  4.0
Polearms       | 5 |  5.0
Fighting       | |  3.2
Armour         | |  0.6

Action                     || total
---------------------------++-------
  Melee: Spear             ||   111
         Punch             ||     1
    Use: Scroll            ||     1
   Stab: Sleeping          ||     1
 Armour: Leather armour    ||    51
  Dodge: Dodged            ||    66

Levels and vault maps discovered:
D:1:      dpeg_arrival_rooms_a, layout_rooms,
          dilly_ecumenical_altar_fadedgnrine, minmay_hexomino_c4

Notes
Turn   | Place    | Note
-------+----------+-------------------------------------------
     0 | D:1      | demibob the Merfolk Chaos Knight began the quest for the
                  | Orb.
     0 | D:1      | Reached XP level 1. HP: 18/18 MP: 1/1
    36 | D:1      | XOM: silly message
    47 | D:1      | Reached skill level 3 in Dodging
    78 | D:1      | XOM: potion effect (haste)
    86 | D:1      | Reached XP level 2. HP: 18/24 MP: 2/2
    90 | D:1      | XOM: divination: detect creatures
   234 | D:1      | Reached XP level 3. HP: 26/29 MP: 3/3
   284 | D:1      | XOM: divination: magic mapping
   360 | D:1      | Reached skill level 5 in Polearms
   379 | D:1      | Reached skill level 4 in Dodging
   385 | D:1      | HP: 2/29 [poisoned by a kobold]
   387 | D:1      | Succumbed to a kobold's poison

Vanquished Creatures
  4 dart slugs (D:1)
  3 ball pythons (D:1)
  A bat (D:1)
  3 endoplasms (D:1)
  A giant cockroach (D:1)
  3 hobgoblins (D:1)
  4 jackals (D:1)
  2 frilled lizards (D:1)
  3 goblins (D:1)
  2 kobolds (D:1)
  3 rats (D:1)
29 creatures vanquished.

Table legend: (Time is in decaauts)
 A = Elapsed time spent in this place.
 B = Non-inter-level travel time spent in this place.
 C = Inter-level travel time spent in this place.
 D = Time resting spent in this place.
 E = Time spent auto-exploring this place.
 F = Levels seen in this place.
 G = Mean time per level.
                   A        B        C        D        E       F      G
               +--------+--------+--------+--------+--------+-----+--------+
         Total |    352 |    352 |      0 |      0 |    200 |   1 |  352.0 |
       Dungeon |    352 |    352 |      0 |      0 |    200 |   1 |  352.0 |
               +--------+--------+--------+--------+--------+-----+--------+

Top non-repeatable levels by time:
     D:1: 352 daAuts

Table legend:
 A = Non-vault XP
 B = Vault XP
 C = Vault XP percentage of total XP
 D = Non-vault monster count
 E = Vault monster count
 F = Vault count percentage of total count
                 A         B        C        D         E       F
            +---------+---------+-------+---------+---------+-------
      Total |      42 |      11 |  20.8 |      22 |       6 |  21.4
            +---------+---------+-------+---------+---------+-------
        D:1 |      42 |      11 |  20.8 |      22 |       6 |  21.4
            +---------+---------+-------+---------+---------+-------
